 Dungeon Crawl Stone Soup version 0.29.1-12-g30fa7ad0bf (webtiles) character file.

Game seed: 155771410331464335

196 BigDaddyOpFi the Sneak (level 5, -2/36 HPs)
             Began as an Octopode Fighter on Jan 12, 2023.
             Succumbed to their own poison gas
             ... on level 3 of the Dungeon.
             The game lasted 00:06:40 (4454 turns).

BigDaddyOpFi the Sneak (Octopode Fighter)           Turns: 4454, Time: 00:06:40

Health: -2/36      AC:  1    Str: 21    XL:     5   Next: 74%
Magic:  5/5        EV: 13    Int:  9    God:
Gold:   76         SH:  0    Dex: 11    Spells: 4/4 levels left

rFire   . . .      SeeInvis .   a - +0 war axe (protect)
rCold   . . .      Faith    .   (no shield)
rNeg    . . .      Spirit   .   (helmet restricted)
rPois   .          Reflect  .   (no amulet)
rElec   .          Harm     .   (no ring)
rCorr   .          Rampage  .   (no ring)
Will    .....                   (no ring)
Stlth   ++++......              (no ring)
HPRegen 0.12/turn               (no ring)
MPRegen 0.09/turn               (no ring)
                                (no ring)
                                (no ring)

@: lethally poisoned (-2 -> -32)
A: almost no armour, amphibious, 8 rings, camouflage 1, gelatinous body 1,
(nimble swimmer 1), tentacles, strong 1, wild magic 1
a: no special abilities


You were on level 3 of the Dungeon.
You visited 1 branch of the dungeon, and saw 3 of its levels.

You collected 76 gold pieces.

Inventory:

Hand Weapons
 a - a +0 war axe of protection (weapon)
Armour
 b - a +0 buckler
Scrolls
 d - a scroll of identify
 e - a scroll of fear
Potions
 c - a potion of degeneration {unknown}
 f - a potion of flight
 h - a potion of heal wounds {unknown}
 i - a potion of invisibility {unknown}
 l - 2 potions of berserk rage
 m - 2 potions of curing {unknown}


   Skills:
 + Level 3.4 Fighting
 + Level 2.5 Axes
 - Level 3.0 Dodging
 + Level 6.8 Stealth
 - Level 3.0 Shields


You had 4 spell levels left.
You didn't know any spells.
Your spell library contained the following spells:

 Spells                   Type           Power      Damage    Failure   Level
 Apportation              Tloc           0%         N/A       47%         1
 Necrotise                Necr           0%         1d4       47%         1
 Summon Small Mammal      Summ           0%         N/A       47%         1
 Inner Flame              Hex/Fire       0%         N/A       83%         3
 Cause Fear               Hex            0%         N/A       99%         4
 Discord                  Hex            0%         N/A       100%        8


Dungeon Overview and Level Annotations

Branches:
Dungeon (3/15)

Altars:
Vehumet


Innate Abilities, Weirdness & Mutations

You cannot wear most types of armour.
You are amphibious.
You can wear up to eight rings at the same time.
Your skin changes colour to match your surroundings (Stealth+).
Your rubbery body absorbs attacks. (AC +1, EV +1)
((You are camouflaged when in or above water. (Stealth+)))
You have tentacles for arms and can constrict up to eight enemies at once.
Your muscles are strong. (Str +4, Int/Dex -1)
Your spells are a little harder to cast, but a little more powerful.


Message History

You hit the frilled lizard.
Your weapon exudes an aura of protection.
You kill the frilled lizard!
The helpless ball python fails to defend itself.
You slash the ball python!
You kill the ball python!
Found a stone staircase leading down.
There is a stone staircase leading down here.
An adder comes into view.
An adder is nearby!
An orc comes into view. It is wielding a +0 dagger.
An orc and an orc priest come into view.
The orc priest shouts!
The orc shouts!
You hear an angry hiss.
Sorry, you're not good enough to have a special ability.
Sorry, you're not good enough to have a special ability.
The air fills with toxic fumes!
As you read the scroll labelled HIAJISS NU BAGG, it crumbles to dust.
It was a scroll of poison.
Okay, then.
It was a potion of mutation.
You feel extremely strange.
You occasionally lose the ability to drink potions when taking damage.
You feel the urge to shout.
You feel less in control of your magic.
Really quaff the potion of mutation?
You feel extremely strange.
Your urge to shout disappears.
You no longer become unable to drink potions after taking damage.
You feel stronger.
The orc priest mumbles some strange prayers to Beogh against you.
Beogh smites you!
Blink to where?
Press: ? - help, Dir - move target Really blink into that cloud of poison gas?
As you read the scroll of blinking, it crumbles to dust.
You are engulfed in poison gas.
You are poisoned.
You feel very sick.
You open the door.
You are engulfed in poison gas.
You are more poisoned.
* * * LOW HITPOINT WARNING * * *
You die...

##.......# #<......## ##.##
#####...####.........####...###
...........+.........'........#
#####...####.........####...#.#
# #....# ##.......######.##.##
# ###.## ##.....## #.....>..# #
#.# ##...## #.#####..# # #.#
##'# # #..# # #.# #@# ###..# #
#.# ####§#### #....# #..§°§..##
#.##.# ##.#§§§°..##.###.##.#
#oo.S§°☼§§.##....>...#
#.#§§§○☼§○°######.####
#§○.§§○§.######.#
.§°§○§§.☼○○......#
###################


You could see an adder.

Vanquished Creatures
  Jessica (D:2)
  An iguana (D:3)
  2 gnolls
  3 adders
  A worm (D:3)
  5 dart slugs
  7 orcs (D:3)
  8 ball pythons
  11 bats
  3 endoplasms
  A giant cockroach (D:2)
  5 goblins
  5 hobgoblins
  2 jackals (D:2)
  9 kobolds
  5 quokkas
  4 frilled lizards
  4 rats
77 creatures vanquished.

Vanquished Creatures (others)
  2 gnolls (D:3)
  An orc (D:3)
  An endoplasm (D:3)
4 creatures vanquished.

Grand Total: 81 creatures vanquished

Notes
Turn   | Place    | Note
-------+----------+-------------------------------------------
     0 | D:1      | BigDaddyOpFi the Octopode Fighter began the quest for the
                  | Orb.
     0 | D:1      | Reached XP level 1. HP: 16/16 MP: 1/1
    28 | D:1      | Reached skill level 1 in Stealth
   255 | D:1      | Reached skill level 2 in Stealth
   268 | D:1      | Reached XP level 2. HP: 19/21 MP: 2/2
   404 | D:1      | Reached skill level 3 in Stealth
   414 | D:1      | Reached XP level 3. HP: 26/26 MP: 3/3
   453 | D:1      | Reached skill level 4 in Stealth
  1546 | D:2      | Reached skill level 5 in Stealth
  1546 | D:2      | Reached XP level 4. HP: 31/31 MP: 4/4
  1799 | D:2      | Noticed Jessica
  1803 | D:2      | Killed Jessica
  1804 | D:2      | Reached skill level 6 in Stealth
  2912 | D:3      | Found a radiant altar of Vehumet.
  2926 | D:3      | Reached XP level 5. HP: 36/36 MP: 5/5
  4451 | D:3      | Gained mutation: You occasionally lose the ability to drink
                  | potions when taking damage. [potion of mutation]
  4451 | D:3      | Gained mutation: You occasionally shout uncontrollably at
                  | your foes. [potion of mutation]
  4451 | D:3      | Gained mutation: Your spells are a little harder to cast,
                  | but a little more powerful. [potion of mutation]
  4452 | D:3      | Lost mutation: You occasionally shout uncontrollably at
                  | your foes. [potion of mutation]
  4452 | D:3      | Lost mutation: You occasionally lose the ability to drink
                  | potions when taking damage. [potion of mutation]
  4452 | D:3      | Gained mutation: Your muscles are strong. (Str +4, Int/Dex
                  | -1) [potion of mutation]
  4454 | D:3      | Succumbed to their own poison gas

Illustrated notes

Levels and vault maps discovered:
D:1:      beargit_arrival_greenhouse, layout_basic
D:2:      layout_loops_corners, uniq_jessica
D:3:      minmay_chambers_of_threes, layout_loops_corners, fiery_altar_vehumet

Skill      XL: |  1  2  3  4 |
---------------+-------------+-----
Stealth        | 2 3 5 6 |  6.8
Fighting       | |  3.4
Axes           | |  2.5
Dodging        | |  3.0
Shields        | |  3.0

Action                   |  1- 3 |  4- 6 || total
-------------------------+-------+-------++-------
Melee: War axe           |    54 |    73 ||   127
       Constrict         |    15 |    20 ||    35
       Tentacles         |     7 |    12 ||    19
       Punch             |       |     3 ||     3
  Use: Scroll            |     1 |     9 ||    10
       Potion            |       |     3 ||     3
 Stab: Sleeping          |    12 |    12 ||    24
Armor: Skin              |     5 |     6 ||    11
Dodge: Dodged            |    28 |    40 ||    68
